Map: Acropolis LE

Players

TSGNice (Nice)

  • Race: Protoss Protoss
  • Spawn Location: 11:00

Serral - Winner!

  • Race: Zerg Zerg
  • Spawn Location: 5:00

Event: NationWars 2019

VOD

Have the link to the VOD?

Description

Time

  • Played on: Oct. 6, 2019, 12:57 p.m.
  • Length: 9:54
Show
View Real Time Build Order
Export as new Build Order

TSGNice Protoss 

Build Orders: 1 Gate Expand, Oracle Opening, Phoenix Opening 

Get SALT Encoding   

  12  0:00  Probe  
  13  0:13  Probe  
  14  0:21  Pylon  
  14  0:25  Probe  
  15  0:31  Assimilator  
  15  0:39  Probe (Chrono Boost)  
  16  0:43  Gateway  
  17  0:51  Probe (Chrono Boost)  
  17  0:56  Probe (Chrono Boost)  
  18  1:05  Probe  
  19  1:17  Probe  
  20  1:23  Nexus  
  20  1:33  Cybernetics Core  
  20  1:39  Assimilator  
  20  1:41  Probe  
  21  1:49  Pylon  
  21  1:53  Probe  
  22  2:05  Probe  
  22  2:06  Adept (Chrono Boost)  
  23  2:13  Stargate  
  25  2:19  Probe  
  25  2:22  Warp Gate  
  26  2:31  Adept, Probe  
  29  2:43  Probe x2 (Chrono Boost)  
  31  2:54  Probe x2 (Chrono Boost)  
  33  2:59  Phoenix (Chrono Boost), Probe x2 (Chrono Boost)  
  37  3:08  Pylon  
  37  3:09  Probe x2  
  39  3:13  Gateway  
  39  3:21  Oracle (Chrono Boost), Probe  
  39  3:23  Probe  
  44  3:33  Probe  
  45  3:34  Assimilator  
  45  3:35  Probe  
  45  3:36  Assimilator  
  46  3:43  Pylon  
  46  3:45  Probe  
  46  3:47  Probe  
  51  3:48  Oracle (Chrono Boost)  
  51  3:58  Probe  
  51  4:00  Probe  
  51  4:01  Robotics Facility  
  53  4:10  Probe  
  53  4:12  Probe  
  53  4:15  Oracle (Chrono Boost), Forge  
  55  4:23  Adept x2  
  62  4:32  Pylon  
  62  4:35  Pylon  
  62  4:38  Pylon  
  62  4:47  Nexus  
  62  4:50  Protoss Ground Weapons Level 1  
  62  4:54  Sentry x2  
  62  4:57  Immortal (Chrono Boost)  
  70  5:02  Probe  
  70  5:07  Probe  
  70  5:14  Probe  
  70  5:18  Gateway  
  70  5:19  Probe  
  70  5:22  Sentry x2, Gateway  
  74  5:35  Gateway  
  74  5:37  Gateway  
  74  5:38  Gateway  
  74  5:39  Gateway  
  75  5:42  Observer (Chrono Boost)  
  75  5:45  Probe x2  
  75  5:48  Photon Cannon  
  77  5:57  Probe, Sentry x2  
  82  6:06  Probe  
  82  6:10  Probe, Warp Prism (Chrono Boost)  
  78  6:12  Probe  
  78  6:17  Stalker x2  
  85  6:18  Probe  
  85  6:23  Probe (Chrono Boost)  
  85  6:24  Probe (Chrono Boost)  
  88  6:35  Probe (Chrono Boost)  
  88  6:36  Stalker x3, Probe x2 (Chrono Boost)  
  96  6:41  Probe (Chrono Boost), Photon Cannon  
  96  6:42  Probe (Chrono Boost)  
  96  6:44  Probe (Chrono Boost)  
  99  6:49  Probe  
  99  6:51  Probe  
  101  6:56  Pylon, Twilight Council  
  101  7:11  Pylon  
  101  7:13  Pylon  
  101  7:14  Probe, Immortal  
  106  7:16  Probe  
  106  7:17  Protoss Ground Weapons Level 2 (Chrono Boost)  
  106  7:20  Blink (Chrono Boost)  
  107  7:24  Assimilator  
  107  7:25  Pylon  
  107  7:26  Assimilator  
  107  7:28  Probe  
  108  7:44  Stalker  
  108  7:45  Stalker x4  
  108  7:46  Stalker x2  
  108  7:49  Pylon  
  122  7:51  Pylon  
  122  7:53  Immortal  
  122  7:55  Pylon  
  126  8:05  Void Ray (Chrono Boost)  
  128  8:16  Stargate  
  128  8:17  Photon Cannon  
  128  8:18  Photon Cannon  
  128  8:21  Shield Battery  
  128  8:32  Probe  
  128  8:33  Immortal  
  133  8:34  Pylon  
  133  8:38  Pylon  
  133  8:39  Void Ray (Chrono Boost)  
  133  8:46  Templar Archives  
  137  8:53  Nexus  
  122  9:18  Zealot x4  
  122  9:19  Zealot x4  
Show
View Real Time Build Order
Export as new Build Order

Serral Zerg - Winner!

Build Orders: Hatch First 

Get SALT Encoding   

  12  0:00  Drone  
  13  0:12  Overlord  
  13  0:16  Drone  
  14  0:30  Drone  
  14  0:31  Drone  
  16  0:48  Hatchery  
  15  0:51  Drone  
  15  0:54  Drone  
  17  0:57  Drone  
  18  1:08  Extractor  
  17  1:13  Spawning Pool  
  17  1:16  Drone  
  17  1:20  Drone  
  18  1:28  Drone  
  19  1:38  Drone  
  20  1:49  Overlord  
  20  2:00  Queen x2  
  20  2:01  Zergling x4  
  26  2:11  Drone x2  
  30  2:22  Drone x2  
  30  2:29  Hatchery  
  29  2:36  Drone x2  
  31  2:39  Pneumatized Carapace  
  31  2:46  Queen  
  31  2:50  Overlord  
  33  2:52  Drone  
  33  2:55  Drone  
  33  2:57  Drone  
  36  3:04  Metabolic Boost  
  36  3:09  Overlord  
  36  3:10  Drone  
  36  3:11  Drone  
  38  3:15  Drone x2  
  38  3:17  Drone  
  41  3:24  Queen  
  43  3:27  Overlord  
  43  3:29  Drone  
  44  3:35  Zergling x2  
  44  3:37  Zergling x2  
  44  3:41  Drone  
  47  3:43  Queen  
  47  3:44  Spore Crawler  
  47  3:47  Spore Crawler, Drone  
  48  3:49  Zergling x2  
  48  3:51  Drone  
  48  3:53  Drone  
  51  3:57  Overlord  
  51  3:58  Drone  
  51  4:01  Drone  
  53  4:03  Drone x2  
  53  4:06  Drone  
  53  4:09  Drone  
  58  4:10  Drone  
  58  4:15  Roach Warren  
  58  4:16  Drone  
  58  4:18  Zergling x2  
  58  4:19  Drone  
  58  4:20  Drone  
  58  4:23  Overlord  
  61  4:28  Lair  
  62  4:31  Drone x2  
  62  4:36  Spore Crawler, Drone  
  62  4:37  Extractor x2  
  62  4:38  Drone  
  62  4:40  Drone x2  
  62  4:43  Zergling x2  
  62  4:44  Drone  
  62  4:45  Drone  
  67  4:48  Overlord  
  67  4:51  Drone x3  
  70  4:55  Queen  
  70  4:56  Drone  
  70  4:58  Drone  
  74  5:01  Overlord  
  74  5:06  Overlord  
  73  5:08  Drone x2  
  73  5:10  Drone x2  
  73  5:11  Drone x3  
  73  5:13  Drone  
  80  5:19  Extractor x2  
  78  5:21  Drone x2  
  78  5:22  Extractor  
  78  5:23  Drone x2  
  78  5:24  Drone x2  
  83  5:30  Overseer  
  83  5:31  Glial Reconstitution  
  83  5:35  Roach x2, Overlord  
  87  5:36  Roach x2  
  87  5:38  Overlord  
  91  5:43  Evolution Chamber  
  91  5:45  Drone x4  
  94  5:51  Overlord  
  94  5:52  Overlord  
  94  5:54  Overlord  
  94  5:58  Overlord  
  94  6:00  Queen  
  94  6:02  Drone x2  
  92  6:06  Drone x2  
  92  6:10  Drone x2  
  95  6:12  Drone x3  
  95  6:15  Roach x2  
  95  6:18  Roach  
  104  6:24  Roach x2  
  106  6:30  Zerg Melee Weapons Level 1  
  106  6:31  Roach  
  106  6:32  Baneling Nest  
  105  6:34  Roach x2  
  105  6:37  Hatchery  
  108  6:40  Overlord  
  108  6:41  Roach  
  108  6:45  Overseer  
  108  6:46  Ravager x4  
  108  6:47  Ravager x3  
  116  6:48  Overlord  
  116  6:49  Roach x2  
  116  6:52  Roach x3  
  126  6:59  Ravager  
  126  7:00  Roach x3  
  133  7:07  Overlord x2  
  133  7:12  Ravager x2  
  133  7:14  Roach x7  
  149  7:20  Centrifical Hooks  
  146  7:31  Drone  
  146  7:32  Zergling x2  
  146  7:33  Zergling x8  
  146  7:34  Hatchery  
  151  7:38  Zergling x4  
  151  7:43  Zergling x8  
  157  7:49  Overlord x2  
  157  8:00  Zergling x18, Infestation Pit  
  165  8:06  Overlord x2  
  164  8:14  Zergling x12  
  164  8:17  Overseer  
  170  8:21  Overseer  
  170  8:22  Zergling x6  
  170  8:23  Zergling x4  
  170  8:26  Zergling x2  
  170  8:27  Zergling x14  
  182  8:29  Baneling x6  
  182  8:30  Baneling x20  
  179  8:38  Zergling x2  
  179  8:39  Zergling x6  
  183  8:44  Baneling x11  
  183  8:49  Zergling x10  
  183  8:50  Zergling x2  
  183  8:52  Zergling x2  
  190  8:59  Baneling x10  
  190  9:00  Baneling x5  
  182  9:10  Zergling x22  
  182  9:12  Zergling x4  
  182  9:14  Zergling x6  
  184  9:22  Zergling x10  
  173  9:30  Spire  
  165  9:33  Zergling x10  
Tags
 
Add a new tag
Caveats
  • Supply blocks, unpowered buildings, or Contaminate may cause inaccurate times.
  • Supply counts are checked every 10 seconds.